 Seeded DCSS version 0.29.1-15-g9cfb28693d (webtiles) character file.

Game seed: 13090964833045074157 (custom seed)

11862 Gelion the Destroyer (level 11, -3/66 HPs)
             Began as a Deep Elf Conjurer on Apr 8, 2023.
             Was a Believer of Vehumet.
             Killed from afar by a fire dragon (13 damage)
             ... with a blast of flame
             ... on level 11 of the Dungeon.
             The game lasted 00:41:27 (15853 turns).

Gelion the Destroyer (Deep Elf Conjurer)           Turns: 15853, Time: 00:41:27

Health: -3/66      AC:  9    Str:  6    XL:     11   Next: 54%
Magic:  22/37      EV: 12    Int: 28    God:    Vehumet [**....]
Gold:   796        SH:  5    Dex: 13    Spells: 14/32 levels left

rFire   + + .      SeeInvis +   t - +3 Elemental Staff {rElec rF++ rC++ AC+5}
rCold   + + .      Faith    .   (no shield)
rNeg    . . .      Spirit   .   a - +0 robe
rPois   .          Reflect  +   v - +0 helmet
rElec   +          Harm     .   (no cloak)
rCorr   +          Rampage  .   w - +0 pair of gloves
Will    +....                   (no boots)
Stlth   +.........              d - amulet "Innufong" {Reflect rCorr Str+2 SH+5 SInv Stlth-}
HPRegen 0.21/turn               x - ring of flight
MPRegen 0.25/turn               c - ring of magical power

@: flying
A: no striking features
a: Renounce Religion


You were on level 11 of the Dungeon.
You worshipped Vehumet.
Vehumet was pleased with you.
You visited 2 branches of the dungeon, and saw 12 of its levels.

You collected 1490 gold pieces.
You spent 694 gold pieces at shops.

Inventory:

Hand Weapons
 t - the +3 Elemental Staff (weapon) {rElec rF++ rC++ AC+5}
   (You found it on level 3 of the Dungeon)

   If the wielder is skilled in Evocations, they can discharge powerful blasts
   of elemental energy when striking with it.
   It enhances your fire, ice, earth and air magic.
   AC:        It affects your AC (+5).
   rF:        It greatly protects you from fire.
   rC:        It greatly protects you from cold.
   rElec:     It insulates you from electricity.
Armour
 a - a +0 robe (worn)
 v - a +0 helmet (worn)
 w - a +0 pair of gloves (worn)
Jewellery
 c - a ring of magical power (right hand)
 d - the amulet "Innufong" (around neck) {Reflect rCorr Str+2 SH+5 SInv Stlth-}
   (You bought it in a shop on level 3 of the Dungeon)

   [amulet of reflection]

   It reflects blocked missile attacks.
   Str:       It affects your strength (+2).
   SInv:      It lets you see invisible.
   rCorr:     It protects you from acid and corrosion.
   SH:        It affects your SH (+5).
   Stlth:     It makes you less stealthy.
 x - a ring of flight (left hand)
Wands
 o - a wand of iceblast (11)
 F - a wand of polymorph (2)
 I - a wand of paralysis (6)
Scrolls
 e - 2 scrolls of immolation
 k - 4 scrolls of butterflies
 p - 4 scrolls of teleportation
 s - a scroll of enchant weapon
Potions
 b - 3 potions of flight
 f - 5 potions of mutation
 h - 3 potions of might
 i - a potion of cancellation
 j - 3 potions of brilliance
 l - 2 potions of haste
 m - 3 potions of resistance
 n - 2 potions of berserk rage
 q - a potion of lignification
 r - 3 potions of attraction
 u - 2 potions of curing


   Skills:
 + Level 6.8 Fighting
 + Level 6.4 Staves
 - Level 2.4 Dodging
 - Level 2.4 Stealth
 + Level 11.2 Spellcasting
 + Level 12.2 Conjurations
 * Level 8.3 Fire Magic


You had 14 spell levels left.
You knew the following spells:

 Your Spells              Type           Power      Damage    Failure   Level
a - Magic Dart            Conj           100%       1d8       1%          1
b - Searing Ray           Conj           100%       2d8       1%          2
c - Starburst             Conj/Fire      41%        6d12      8%          6
d - Iskenderun's Mystic   Conj/Tloc      49%        2d11      3%          4
e - Scorch                Fire           100%       2d10      1%          2
f - Stone Arrow           Conj/Erth      100%       3d13      1%          3

Your spell library contained the following spells:

 Spells                   Type           Power      Damage    Failure   Level
 Dazzling Flash           Conj/Hex       98%        N/A       1%          3
 Inner Flame              Hex/Fire       55%        N/A       1%          3
 Mephitic Cloud           Conj/Pois/Air  55%        N/A       1%          3
 Fulminant Prism          Conj/Hex       24%        3d13      3%          4
 Call Imp                 Summ           15%        N/A       5%          2
 Sublimation of Blood     Necr           15%        N/A       5%          2
 Irradiate                Conj/Tmut      24%        3d19      9%          5
 Call Canine Familiar     Summ           15%        N/A       11%         3
 Gell's Gravitas          Tloc           15%        N/A       11%         3
 Lesser Beckoning         Tloc           15%        N/A       11%         3
 Portal Projectile        Hex/Tloc       30%        N/A       11%         3
 Teleport Other           Tloc           15%        N/A       11%         3
 Cause Fear               Hex            7%         N/A       34%         4
 Corpse Rot               Necr/Pois/Air  23%        N/A       34%         4
 Dispel Undead            Necr           15%        3d10      34%         4
 Leda's Liquefaction      Hex/Erth       11%        N/A       34%         4
 Petrify                  Tmut/Erth      23%        N/A       34%         4
 Conjure Ball Lightning   Conj/Air       32%        3x3d10    41%         6
 Death Channel            Necr           7%         N/A       99%         6
 Dispersal                Tloc           7%         N/A       99%         6
 Discord                  Hex            7%         N/A       100%        8
 Disjunction              Tloc           7%         N/A       100%        8


Dungeon Overview and Level Annotations

Branches:
Dungeon (11/15)            Temple (1/1) D:4            Lair (0/5) D:11
    Orc (0/2) D:11

Altars:
Ashenzari
Cheibriados
Dithmenos
Elyvilon
Fedhas
Gozag
Hepliaklqana
Kikubaaqudgha
Makhleb
Nemelex Xobeh
Okawaru
Qazlal
Ru
Sif Muna
Trog
Uskayaw
Vehumet
Wu Jian
Xom
Yredelemnul
Zin
The Shining One
Jiyva

Shops:
D:1 *   D:2 ?[?   D:3 =

Portals:
Trove: D:11 (give +3 shadow dragon scales)

Annotations:
D:8 3 runed translucent doors, Lysca's ghost, novice DsNe


Message History

You are shoved backwards!
Casting: Iskenderun's Mystic Blast (dangerous; 3% risk of failure)
Confirm with . or Enter, or press ? or * to list all spells.
The spell is quite dangerous to miscast (8% risk of failure)!
Continue anyway?
Casting: Starburst (quite dangerous; 8% risk of failure)
Press: ? - help, Dir - look around, f - activate You feel a strong surge of power!
The bolt of fire misses the fire dragon.
The fire dragon is no longer more vulnerable to fire.
The fire dragon closely misses you. The fire dragon claws you!
* * * LOW HITPOINT WARNING * * *
The fire dragon tramples you.
* * * LOW HITPOINT WARNING * * *
You are shoved backwards!
Blink to where?
Press: ? - help, Dir - move target
As you read the scroll of blinking, it crumbles to dust.
It was a potion of invisibility.
You fade into invisibility!
It was a potion of cancellation.
Your magical effects are unravelling.
You feel magically purged.
Your magical contamination has completely faded away.
You flicker back into view.
You feel a little less clever now.
You feel better.
Okay, then.
Casting: Starburst (quite dangerous; 8% risk of failure)
Confirm with . or Enter, or press ? or * to list all spells.
Aiming: Searing Ray (safe; 1% risk of failure)
Press: ? - help, Shift-Dir - straight line, f - fire dragon
Aim: a fire dragon (heavily wounded, 87% to hit)
The searing ray hits the fire dragon.
The fire dragon is heavily wounded. (Press . to maintain the ray.)
The fire dragon breathes flames at you. The blast of flame hits you!
You resist.
* * * LOW HITPOINT WARNING * * *
The fire dragon breathes flames at you. The blast of flame hits you!
You resist.
You die...

#........###..............§§
.......).................§§§
.......................≈≈≈≈.
......................§≈≈≈.≈
......................≈≈.>.§
.......<..............≈≈.≈≈≈
.........#............≈≈§≈≈§
.........#.............≈≈≈≈.
...........@....).......§...
................D...........
#...........................
...........###..............
...........# #........#.....
....... #........#.....
....... #...##...#.....
....... #...##...##.... ..##
###############


You could see a fire dragon (catching breath).

Vanquished Creatures
  A boulder beetle (D:11)
  A hydra (D:11)
  Erica (D:10)
  2 two-headed ogres
  A gargoyle (D:10)
  A hornet (D:8)
  A vampire (D:9)
  3 wyverns
  19 yaks
  4 vampire mosquitoes
  Menkaure (D:4)
  2 water moccasins (D:7)
  An acid dragon (D:10)
  3 ice beasts
  2 orc warriors
  A sky beast (D:8)
  A black bear (D:5)
  An ogre (D:4)
  3 centaurs
  5 kobold brigands
  2 phantoms
  2 bullfrogs
  3 scorpions
  13 wights
  9 killer bees
  2 howler monkeys
  8 hounds
  A jelly (D:5)
  7 orc priests
  6 iguanas
  8 orc wizards
  16 gnolls
  8 adders
  A white imp (D:5)
  3 ufetubi
  A worm (D:2)
  6 dart slugs
  54 orcs
  12 bats
  5 endoplasms
  2 giant cockroaches
  4 goblins
  9 hobgoblins
  5 jackals
  A quokka (D:1)
  4 ball pythons
  2 frilled lizards
  24 kobolds
  5 rats
277 creatures vanquished.

Vanquished Creatures (others)
  5 fungi (D:4)
  51 plants (D:5)
56 creatures vanquished.

Grand Total: 333 creatures vanquished

Notes
Turn   | Place    | Note
-------+----------+-------------------------------------------
     0 | D:1      | Gelion the Deep Elf Conjurer began the quest for the Orb.
     0 | D:1      | Reached XP level 1. HP: 10/10 MP: 6/6
   203 | D:1      | Reached XP level 2. HP: 16/16 MP: 4/8
   532 | D:1      | Found Koenu's Assorted Antiques.
   828 | D:1      | Reached skill level 5 in Conjurations
  1050 | D:1      | Reached XP level 3. HP: 20/20 MP: 7/10
  1212 | D:2      | Reached skill level 1 in Fighting
  1276 | D:2      | Found Zulul's Magic Scroll Shop.
  1443 | D:2      | Found Ziges's Magic Scroll Shoppe.
  1464 | D:2      | Found Qaurgh's Armour Emporium.
  1656 | D:2      | Found a faded altar of an unknown god.
  1708 | D:2      | Reached XP level 4. HP: 20/25 MP: 6/11
  2028 | D:3      | Learned a level 2 spell: Searing Ray
  2409 | D:3      | Found a shadowy altar of Dithmenos.
  2981 | D:3      | Found Awkithrui's Jewellery Boutique.
  3025 | D:3      | Found the +3 Elemental Staff {rElec rF++ rC++ AC+5}
  3197 | D:4      | Reached XP level 5. HP: 30/30 MP: 5/13
  3251 | D:4      | Reached skill level 6 in Conjurations
  3420 | D:4      | Found a broken altar of Ashenzari.
  3474 | D:4      | Found a staircase to the Ecumenical Temple.
  3945 | D:4      | Reached XP level 6. HP: 35/35 MP: 11/15
  4057 | D:4      | Reached skill level 5 in Spellcasting
  4339 | D:4      | Noticed Menkaure
  4347 | D:4      | Killed Menkaure
  4348 | D:4      | Reached skill level 7 in Conjurations
  4448 | D:4      | Reached XP level 7. HP: 40/40 MP: 11/17
  4524 | D:4      | Found a stormy altar of Qazlal.
  4846 | Temple   | Entered the Ecumenical Temple
  5036 | D:5      | Entered Level 5 of the Dungeon
  5078 | D:5      | Identified the +9 hand axe of Gozag, Threshing {protect,
                  | rC+ rCorr}
  5296 | D:5      | Reached skill level 8 in Conjurations
  5429 | D:5      | Found a sparkling altar of Nemelex Xobeh.
  5429 | D:5      | Found a snail-covered altar of Cheibriados.
  5688 | D:5      | Reached XP level 8. HP: 47/47 MP: 12/20
  6242 | D:6      | Reached skill level 9 in Conjurations
  6601 | D:6      | Reached skill level 1 in Staves
  8010 | D:7      | Reached skill level 10 in Conjurations
  8010 | D:7      | Reached XP level 9. HP: 32/52 MP: 8/23
  8644 | D:7      | Found an iron altar of Okawaru.
  8709 | D:7      | Reached skill level 5 in Fighting
  9312 | D:7      | Identified a scroll of acquirement
  9314 | D:7      | Acquired a book of Alchemy
  9574 | D:8      | Got the Collected Works on Confrontation and Ignition
  9582 | D:8      | Learned a level 6 spell: Starburst
  9678 | D:8      | Found a glowing silver altar of Zin.
  9678 | D:8      | Found a shimmering altar of Xom.
  9718 | D:8      | Found a radiant altar of Vehumet.
  9728 | D:8      | Became a worshipper of Vehumet
  9855 | D:8      | Reached skill level 1 in Fire Magic
 10067 | D:8      | Found a runed translucent gate.
 10067 | D:8      | Found a runed translucent gate.
 10067 | D:8      | Found a runed translucent gate.
 10084 | D:8      | Noticed Lysca's ghost (novice DsNe)
 10086 | D:8      | Found a viscous altar of Jiyva.
 10113 | D:8      | Reached skill level 11 in Conjurations
 10117 | D:8      | Reached XP level 10. HP: 57/59 MP: 19/25
 10283 | D:8      | Noticed a two-headed ogre
 10297 | D:8      | Killed a two-headed ogre
 10836 | D:8      | Found a white marble altar of Elyvilon.
 11342 | D:9      | Reached skill level 5 in Fire Magic
 11517 | D:9      | Reached * piety under Vehumet
 11517 | D:9      | Offered knowledge of Foxfire by Vehumet.
 11529 | D:9      | Reached skill level 5 in Staves
 11532 | D:9      | Reached skill level 10 in Spellcasting
 11812 | D:9      | Identified the +4 whip of the Inferno {vorpal, +Blink Fly
                  | rCorr}
 12328 | D:9      | Acquired 602 gold pieces
 12412 | D:10     | Entered Level 10 of the Dungeon
 12799 | D:10     | Noticed a gargoyle
 12830 | D:10     | Killed a gargoyle
 12899 | D:10     | Noticed Erica
 13243 | D:3      | Bought the amulet "Innufong" {Reflect rCorr Str+2 SH+5 SInv
                  | Stlth-} for 694 gold pieces
 13413 | D:7      | Learned a level 4 spell: Iskenderun's Mystic Blast
 13438 | D:10     | Killed Erica
 13781 | D:10     | Reached XP level 11. HP: 65/65 MP: 14/27
 14001 | D:10     | Offered knowledge of Scorch by Vehumet.
 14011 | D:10     | Reached ** piety under Vehumet
 14078 | D:10     | Learned a level 2 spell: Scorch
 14374 | D:11     | Noticed a two-headed ogre
 14428 | D:11     | Killed a two-headed ogre
 14520 | D:11     | Reached skill level 12 in Conjurations
 14526 | D:11     | Noticed a fire dragon
 14645 | D:11     | Noticed a six-headed hydra
 14887 | D:11     | Killed a six-headed hydra
 15161 | D:11     | Found a portal to a secret trove of treasure.
 15207 | D:11     | Offered knowledge of Stone Arrow by Vehumet.
 15212 | D:11     | Learned a level 3 spell: Stone Arrow
 15338 | D:11     | Found a staircase to the Orcish Mines.
 15438 | D:11     | Noticed a boulder beetle
 15443 | D:11     | Killed a boulder beetle
 15803 | D:11     | Found a staircase to the Lair.
 15853 | D:11     | Killed from afar by a fire dragon

Illustrated notes

Levels and vault maps discovered:
D:1:      minmay_arrival_shattered_statue, layout_basic, serial_shops,
          nicolae_shop_advertising_works [nicolae_subvault_shop_adworks],
          minmay_pentomino_o4
D:2:      layout_basic, ebering_ecumenical_altar_ruins, serial_shops,
          nicolae_diamond_shop, shop_coins, nicolae_diamond_shop
D:3:      layout_loops_corners, nicolae_dithmenos_the_darkroom, serial_shops,
          nicolae_lakefront_shop
D:4:      layout_gridville, lemuel_doored_altar, grunt_qazlal_clouds,
          temple_pool_b, dreamdust_gnoll_farm, uniq_menkaure
D:5:      layout_rooms, gammafunk_temple_overflow_pools, serial_bayou,
          serial_bayou_lagoon_a, serial_bayou_lagoon_b, serial_bayou_pond_b,
          serial_bayou_pond_c, serial_bayou_pond_d
D:6:      layout_gridville, minmay_holes
D:7:      layout_rooms, mainiacjoe_overflow_24_doors
D:8:      layout_loops_ring, gammafunk_temple_overflow_claw, lemuel_round_altar,
          gammafunk_ghost_ooze
D:9:      layout_rooms, serial_co_window_serial, co_window_paths_a,
          co_window_cross_1, co_window_paths_a, co_window_of_opportunity_a,
          co_window_paths_b, co_window_corner_b, co_window_2corner,
          co_window_2corner, co_window_corner_ca, co_window_unsneaky_path_a,
          co_window_broadway_a, co_window_sun, glass_columns_b, glass_columns_a,
          glass_columns_b, glass_columns_b, nicolae_underground_beach
D:10:     layout_rooms, uniq_erica
D:11:     layout_basic, minmay_lair_entry_lava, hiddenorc1_lemuel,
          nicolae_trove_entry_crossroad
Temple:   hellmonk_temple_flake

Skill      XL: |  1  2  3  4  5  6  7  8  9 10 11 |
---------------+----------------------------------+-----
Conjurations   | 5 6 7 8 10 11 12 | 12.2
Fighting       | 1 2 3 4 5 6 |  6.8
Spellcasting   | 4 5 6 8 9 10 11 | 11.2
Staves         | 2 4 5 6 |  6.4
Fire Magic     | 3 6 8 |  8.3
Dodging        | |  2.4
Stealth        | |  2.4

Action                   |  1- 3 |  4- 6 |  7- 9 | 10-12 || total
-------------------------+-------+-------+-------+-------++-------
Melee: Unarmed           |     3 |       |       |       ||     3
       Staff             |       |       |     6 |     2 ||     8
 Cast: Magic Dart        |    77 |   106 |   192 |    74 ||   449
       Searing Ray       |       |     7 |    49 |    69 ||   125
       Iskenderun's Myst |       |       |       |    18 ||    18
       Starburst         |       |       |       |    18 ||    18
       Scorch            |       |       |       |     3 ||     3
  Use: Potion            |       |       |     1 |     7 ||     8
       Scroll            |       |       |    18 |     9 ||    27
Armor: Robe              |     5 |    10 |    38 |    35 ||    88
       Skin              |       |       |       |    10 ||    10
Dodge: Dodged            |    17 |    34 |    56 |   106 ||   213
Block: Other             |       |       |       |    25 ||    25
